 Dungeon Crawl Stone Soup version 0.22-a0-782-g038298e (webtiles) character file.

120 Mgcat the Ruffian (level 5, 0/44 HPs)
             Began as a Naga Transmuter on July 20, 2018.
             Slain by a jackal (2 damage)
             ... on level 3 of the Dungeon.
             The game lasted 00:08:32 (3083 turns).

Mgcat the Ruffian (Naga Transmuter)                 Turns: 3083, Time: 00:08:33

Health: 0/44       AC:  3    Str: 13 (14) XL:     5   Next: 4%
Magic:  4/8        EV: 10    Int: 11 (13) God:
Gold:   145        SH:  0    Dex:  8 (11) Spells: 2/8 levels left

rFire    . . .     SeeInvis +   k - +0 dagger (protect)
rCold    . . .     Gourm    .   (no shield)
rNeg     . . .     Faith    .   b - +1 robe
rPois    +         Spirit   .   (no helmet)
rElec    .         Reflect  .   (no cloak)
rCorr    .         Harm     .   (no gloves)
MR       .....                  (no barding)
Stlth    ++........             (no amulet)
HPRegen  0.14/turn              (no ring)
MPRegen  0.11/turn              (no ring)

@: very slightly contaminated, very slow
A: large, see invisible, deformed body, poison resistance, slowness 2, slow
metabolism 1, spit poison 1, AC +1
a: Spit Poison


You were on level 3 of the Dungeon.
You were not hungry.

You visited 1 branch of the dungeon, and saw 3 of its levels.

You collected 145 gold pieces.

Inventory:

Hand Weapons
 k - a +0 dagger of protection (weapon)
   (You took it off a goblin on level 1 of the Dungeon)
Missiles
 a - 12 arrows
 g - 7 curare-tipped needles
Armour
 b - a +1 robe (worn)
 h - a +0 helmet
   (You found it on level 1 of the Dungeon)
Scrolls
 c - a scroll of remove curse
 e - a scroll of identify
 f - 3 scrolls of amnesia
 i - 2 scrolls of fog
 j - a scroll of immolation {!r}
Comestibles
 d - 4 rations
 m - a chunk of flesh {@w0}


   Skills:
 - Level 1.0 Fighting
 - Level 2.0 Dodging
 + Level 3.4 Stealth
 + Level 3.8 Unarmed Combat
 - Level 2.0 Spellcasting
 + Level 3.1 Transmutations
 + Level 1.3 Poison Magic


You had 2 spell levels left.
You knew the following spells:

 Your Spells              Type           Power        Failure   Level  Hunger
a - Beastly Appendage     Tmut           #.....       9%          1    ##.....
b - Sticks to Snakes      Tmut           #.......     12%         2    ###....
c - Spider Form           Tmut/Pois      #.........   34%         3    ####...

Your spell library contained the following spells:

 Spells                   Type           Power        Failure   Level  Hunger
 Blade Hands              Tmut           #.........   92%         5    ######.
 Ice Form                 Ice/Tmut       #.......     83%         4    #####..


Dungeon Overview and Level Annotations

Branches:
Dungeon (3/15)

Altars:
Zin


Innate Abilities, Weirdness & Mutations

You cannot wear boots.
Your serpentine skin is tough. (AC +1)
You have supernaturally acute eyesight. (SInv)
Armour fits poorly on your strangely shaped body.
Your system is resistant to poisons. (rPois)
You cover ground very slowly.
You have a slow metabolism.
You can spit poison.


Message History

The orc is heavily wounded.
You feel slightly more hungry. The orc hits you with a dagger.
You hit the orc but do no damage.
Your weapon exudes an aura of protection.
The orc is heavily wounded.
The orc hits you but does no damage.
Casting: Spider Form (safe; 30% risk of failure)
Confirm with . or Enter, or press ? or * to list all spells.
You turn into a venomous arachnid creature.
Your +0 dagger of protection melds into your body.
Your +0 robe melds into your body.
Your +0 dagger of protection goes still.
The orc hits you with a dagger.
You hit the orc but do no damage.
The orc looks even sicker.
The orc is severely wounded.
The orc hits you with a dagger.
You hit the orc.
You kill the orc!
You barely miss the orc. The orc hits you with a short sword.
You barely miss the orc.
Your transformation is almost over.
The orc misses you.
You barely miss the orc.
You have got your breath back.
The orc hits you with a short sword.
You closely miss the orc. You closely miss the orc.
The orc hits you with a short sword!
* * * LOW HITPOINT WARNING * * *
You hit the orc.
The orc is poisoned.
The orc is moderately wounded.
The orc hits you but does no damage.
You barely miss the orc.
The orc is heavily wounded.
The orc hits you but does no damage.
You barely miss the orc.
The orc is heavily wounded.
The orc hits you with a short sword.
* * * LOW HITPOINT WARNING * * *
Your transformation has ended.
Your +0 dagger of protection unmelds from your body.
Your +0 robe unmelds from your body.
Your +0 dagger of protection hums with potential!
A jackal comes into view.
You completely miss the orc.
The orc is almost dead.
The orc hits you with a short sword.
* * * LOW HITPOINT WARNING * * *
As you read the scroll labeled EPE JURGHEKADOD, it crumbles to dust.
It is a scroll of amnesia.
Okay, then.
The orc hits you but does no damage.
Unknown command.
Unknown command.
Unknown command.
It was a potion of degeneration.
There was something very wrong with that liquid.
You feel weakened.
You feel dopey.
You feel clumsy. The orc closely misses you.
As you read the scroll labeled VESECH AJAPA, it crumbles to dust.
You feel blessed for a moment.
It was a scroll of remove curse.
You kill the orc!
As you read the scroll labeled OMUCURIEMM, it crumbles to dust.
It is a scroll of identify.
i - 2 scrolls of fog The orc completely misses you.
As you read the scroll labeled VAQEAPPIAGA, it crumbles to dust.
It is a scroll of enchant armour.
Your +0 robe glows green for a moment.
The orc hits you but does no damage.
As you read the scroll labeled ECWAEFIAGE, it crumbles to dust.
The creatures around you are filled with an inner flame!
It was a scroll of immolation.
The orc barely misses you.
The jackal barks! x2
The orc barely misses you. The jackal closely misses you.
The jackal bites you but does no damage.
The orc hits you with a hand axe.
* * * LOW HITPOINT WARNING * * *
The jackal completely misses you. The jackal closely misses you.
Okay, then.
Unknown command.
Okay, then.
You aren't carrying any potions.
Unknown command.
Unknown command.
You aren't carrying any items that you can evoke.
Unknown command.
Unknown command.
Unknown command.
The jackal bites you but does no damage.
The jackal barely misses you. x2
The jackal bites you but does no damage.
The jackal misses you. The jackal barely misses you.
The jackal closely misses you. The jackal closely misses you.
The jackal misses you. The jackal closely misses you. The jackal bites you.
* * * LOW HITPOINT WARNING * * *
The jackal bites you.
You die...

.. ...............#.
###.....#.............
........#..#######รท.##
....................
#..#.#.......##...#
#.............#...# .
#.#.##########...# .. #.#.#
#.... ... ##@#.# ###.# ....###
######hh..############.#
.......##...K..................#
...###..w...Ko....)......#######
........#)################
........#.# ...##..K#.#
........#)# .#.##..w#.#


You could see an orc (inner flame), 2 jackals and 2 kobolds.

Vanquished Creatures
  4 gnolls (D:2)
  2 adders
  A worm (D:2)
  3 dart slugs (D:2)
  A leopard gecko (D:2)
  2 orcs (D:3)
  6 bats
  A giant cockroach (D:1)
  8 goblins
  4 hobgoblins (D:2)
  6 jackals (D:1)
  3 kobolds
  2 quokkas (D:2)
  3 frilled lizards
  3 rats
49 creatures vanquished.

Notes
Turn   | Place    | Note
-------+----------+-------------------------------------------
     0 | D:1      | Mgcat the Naga Transmuter began the quest for the Orb.
     0 | D:1      | Reached XP level 1. HP: 18/18 MP: 3/3
   359 | D:1      | Reached XP level 2. HP: 10/25 MP: 3/5
   365 | D:1      | HP: 5/25 [jackal (3)]
   693 | D:1      | Reached skill level 1 in Stealth
   700 | D:1      | Learned a level 2 spell: Sticks to Snakes
   826 | D:1      | Reached skill level 2 in Dodging
  1568 | D:2      | Reached XP level 3. HP: 14/31 MP: 6/6
  1754 | D:2      | Reached skill level 2 in Stealth
  1760 | D:2      | HP: 7/31 [gnoll/flail (9)]
  1771 | D:2      | Reached XP level 4. HP: 18/38 MP: 7/7
  1989 | D:2      | Learned a level 3 spell: Spider Form
  2211 | D:2      | Reached skill level 3 in Stealth
  2337 | D:2      | Found a glowing silver altar of Zin.
  2369 | D:2      | Reached skill level 3 in Transmutations
  2369 | D:2      | Reached skill level 1 in Poison Magic
  2378 | D:2      | HP: 9/38 [poisoned by an adder]
  2384 | D:2      | HP: 6/38 [poisoned by an adder]
  2390 | D:2      | HP: 4/38 [poisoned by an adder]
  2397 | D:2      | HP: 2/38 [poisoned by an adder]
  2969 | D:3      | Reached XP level 5. HP: 44/44 MP: 8/8
  3056 | D:3      | HP: 11/44 [orc/short sword (9)]
  3063 | D:3      | HP: 5/44 [orc/short sword (2)]
  3074 | D:3      | HP: 3/44 [orc/hand axe (4)]
  3083 | D:3      | HP: 2/44 [jackal (3)]
  3083 | D:3      | Slain by a jackal

Vault maps used:
D:1:      dpeg_arrival_round_c, serial_forest, infiniplex_forest_clump_diagonal,
          infiniplex_forest_clump_tiny, infiniplex_forest_clump_long,
          infiniplex_forest_clump_double, infiniplex_forest_clump_large,
          infiniplex_forest_clump_diagonal, infiniplex_forest_3_way,
          dk_noncrumbling_4, corexii_hall_statues_i
D:2:      lemuel_round_altar

Skill      XL: |  1  2  3  4 |
---------------+-------------+-----
Stealth        | 1 2 3 |  3.4
Dodging        | 2 |  2.0
Transmutations | 3 |  3.1
Poison Magic   | 1 |  1.3
Fighting       | |  1.0
Unarmed Combat | |  3.8
Spellcasting   | |  2.0

Action                   |  1- 3 |  4- 6 || total
-------------------------+-------+-------++-------
Melee: Unarmed           |    53 |    30 ||    83
       Headbutt          |     4 |       ||     4
       Dagger            |    65 |    66 ||   131
       Punch             |     3 |     1 ||     4
 Cast: Beastly Appendage |     4 |       ||     4
       Spider Form       |       |     5 ||     5
 Abil: Spit Poison       |    12 |     3 ||    15
  Use: Potion            |     2 |     1 ||     3
       Scroll            |       |     5 ||     5
 Stab: Sleeping          |       |     3 ||     3
  Eat: Chunk             |     2 |     5 ||     7
Armor: Robe              |    39 |    22 ||    61
       Skin              |     2 |     1 ||     3
Dodge: Dodged            |    66 |    51 ||   117

Table legend:
 A = Spawn XP
 B = Non-spawn XP
 C = Spawn XP percentage of total XP
 D = Spawn monster count
 E = Non-spawn monster count
 F = Spawn count percentage of total count
 G = Total turns spent on level
                    A         B        C        D         E        F      G
               +---------+---------+-------+---------+---------+-------+---------
         Total |       0 |     172 |   0.0 |       0 |      49 |   0.0 |  3083
               +---------+---------+-------+---------+---------+-------+---------
           D:1 |       0 |      27 |   0.0 |       0 |      16 |   0.0 |  1508
           D:2 |       0 |     120 |   0.0 |       0 |      27 |   0.0 |  1378
           D:3 |       0 |      25 |   0.0 |       0 |       6 |   0.0 |   197
               +---------+---------+-------+---------+---------+-------+---------

Vault maps used:
D:1:      dpeg_arrival_round_c, serial_forest, infiniplex_forest_clump_diagonal,
          infiniplex_forest_clump_tiny, infiniplex_forest_clump_long,
          infiniplex_forest_clump_double, infiniplex_forest_clump_large,
          infiniplex_forest_clump_diagonal, infiniplex_forest_3_way,
          dk_noncrumbling_4, corexii_hall_statues_i
D:2:      lemuel_round_altar

Table legend:
 A = Turns spent in this place as a percentage of turns spent in the entire game.
 B = Non-inter-level travel turns spent in this place as a percentage of non-inter-level travel turns spent in the entire game.
 C = Inter-level travel turns spent in this place as a percentage of turns spent in this place.
 D = Turns resting spent in this place as a percentage of non-inter-level travel turns spent in this place.
 E = Turns spent auto-exploring this place as a percentage of non-inter-level travel turns spent in this place.
 F = Non-inter-level travel turns spent in this place divided by the number of levels of this place that you've seen.
                   A       B       C       D       E      F
               +-------+-------+-------+-------+-------+----------------------
         Total | 100.0 | 100.0 |   4.2 |  25.8 |  55.2 | 984.3
       Dungeon | 100.0 | 100.0 |   4.2 |  25.8 |  55.2 | 984.3
               +-------+-------+-------+-------+-------+----------------------

Table legend:
 A = Kills in this place as a percentage of kills in entire the game.
 B = Kills by you in this place as a percentage of kills by you in the entire game.
 C = Kills by friends in this place as a percentage of kills by friends in the entire game.
 D = Other kills in this place as a percentage of other kills in the entire game.
 E = Experience gained in this place as a percentage of experience gained in the entire game.
 F = Experience gained in this place divided by the number of levels of this place that you have seen.
                   A       B       C       D       E      F
               +-------+-------+-------+-------+-------+----------------------
         Total | 100.0 | 100.0 |   N/A |   N/A | 100.0 |  57.3
       Dungeon | 100.0 | 100.0 |   N/A |   N/A | 100.0 |  57.3
               +-------+-------+-------+-------+-------+----------------------
